 Dungeon Crawl Stone Soup version 0.31-a0-765-g67fe2935dc (webtiles) character file.

Game seed: 16455511513696384672

358 Iich the Ruffian (level 6, -3/47 HPs)
             Began as a Demonspawn Shapeshifter on Sept 15, 2023.
             Slain by an ogre
             ... wielding a +0 giant club
              (20 damage)
             ... on level 3 of the Dungeon.
             The game lasted 00:06:23 (2289 turns).

Iich the Ruffian (Demonspawn Shapeshifter)          Turns: 2289, Time: 00:06:23

Health: -3/47      AC:  9    Str: 16    XL:     6   Next: 37%
Magic:  6/6        EV: 10    Int: 12    God:
Gold:   144        SH:  0    Dex: 12    Spells: 5/5 levels left

rFire   . . .        m - +0 war axe
rCold   . . .        (no shield)
rNeg    . . .        n - +0 scale mail
rPois   .            (helmet currently unavailable)
rElec   .            (cloak currently unavailable)
rCorr   .            (gloves currently unavailable)
SInv    .            (boots currently unavailable)
Will    .....        (no amulet) Stlth
                     (no ring)
HPRegen 0.27/turn    (no ring)
MPRegen 0.10/turn

%: no passive effects
@: beast-form
A: beast (slay +2), icy blue scales 2, powered by death 1, weakness stinger 1
a: Begin Untransformation


You were on level 3 of the Dungeon.
You were a hulking beast.
You visited 1 branch of the dungeon, and saw 4 of its levels.

You collected 229 gold pieces.
You spent 85 gold pieces at shops.

Inventory:

Hand Weapons
 a - a +0 hand axe
 m - a +0 war axe (weapon)
 p - a +0 hand cannon of flaming
Missiles
 e - a throwing net
Armour
 f - a +0 pair of gloves
 n - a +0 scale mail (worn)
Talismans
 c - a beast talisman (active)
 d - a flux talisman
Scrolls
 k - 2 scrolls of immolation
 l - a scroll of enchant weapon {unknown}
 o - a scroll of fear {unknown}
Potions
 b - 3 potions of lignification
 h - a potion of cancellation {unknown}
 i - a potion of attraction {unknown}
 j - a potion of brilliance


   Skills:
 + Level 3.0 Fighting
 + Level 2.3 Axes
 + Level 3.1 Dodging
 + Level 3.8 Unarmed Combat
 + Level 3.6 Shapeshifting


You had 5 spell levels left.
You didn't know any spells.
Your spell library contained the following spells:

 Spells                   Type           Power      Damage    Failure   Level
 Summon Small Mammal      Summ           0%         N/A       77%         1
 Call Canine Familiar     Summ           0%         N/A       98%         3
 Summon Guardian Golem    Hex/Summ       0%         N/A       98%         3


Dungeon Overview and Level Annotations

Branches:
Dungeon (4/15)
 Temple: D:4-7

Altars:
Okawaru

Shops:
D:1 *   D:3 [


Innate Abilities, Weirdness & Mutations

You are a hulking beast.
Your limbs bulge with bestial killing power. (Slay +2)
You are mostly covered in icy blue scales. (AC +3)
You regenerate a little health from kills.
You have a small tail.


Message History

The ball python barely misses you. The ball python constricts you.
Your Fighting skill increases to level 3!
Health restored: 47 You shoot a bolt.
The bolt hits the ball python!
The bolt burns the ball python.
You kill the ball python!
No target in view!
You open the door.
An ogre comes into view. It is wielding a +0 giant club.
The ogre shouts!
You shoot a bolt.
The bolt hits the ogre but does no damage.
A goblin comes into view. It is wielding a +0 dagger.
The ogre closely misses you.
Your +0 hand cannon of flaming stops flaming.
m - a +0 war axe (weapon)
You barely miss the ogre. The ogre barely misses you.
You hit the ogre. You tail-slap the ogre.
The ogre is lightly wounded.
The ogre closely misses you.
You slash the ogre!
The ogre is moderately wounded.
The ogre hits you with a +0 giant club!
A dart slug comes into view.
You take 15 damage, and have 32/47 hp. !!!!--MASSIVE DAMAGE--!!!!
You barely miss the ogre.
The ogre is moderately wounded.
The ogre hits you with a +0 giant club!
You take 10 damage, and have 22/47 hp. !!!!--MASSIVE DAMAGE--!!!!
The goblin barely misses you.
There is a stone staircase leading up here.
The goblin hits you but does no damage. The ogre hits you with a +0 giant club.
* * * LOW HITPOINT WARNING * * *
You climb upwards.
There is a stone staircase leading down here.
You take 5 damage, and have 17/47 hp.
As you read the scroll of fog, it dissolves into smoke.
The goblin barely misses you.
The ogre hits you with a +0 giant club!!
You die...

#..............#####...#..
#...............<.#.......
##........#....##..#######
#..............###....#
#..............# ####.###
#..........##### #...#
#.......§§.# ###.##
#......(Og§# #..#
##......§h## ##..
##....§§## ##. ########
#.. #####.. #......
###.###.. #...#..##
#.##..##. ##.#..##..


You could see an ogre and a goblin.

Vanquished Creatures
  Sigmund (D:2)
  A howler monkey (D:4)
  4 gnolls (D:3)
  3 adders
  3 worms
  A dart slug (D:1)
  3 orcs (D:3)
  9 ball pythons
  8 bats
  6 endoplasms
  4 giant cockroaches
  7 goblins
  8 hobgoblins
  9 jackals
  6 kobolds
  A quokka (D:1)
  3 frilled lizards
  7 rats
84 creatures vanquished.

Notes
Turn   | Place    | Note
-------+----------+-------------------------------------------
     0 | D:1      | Iich the Demonspawn Shapeshifter began the quest for the
                  | Orb.
     0 | D:1      | Reached XP level 1. HP: 15/15 MP: 1/1
   142 | D:1      | Gained mutation: You are partially covered in icy blue
                  | scales. (AC +2) [demonic ancestry]
   142 | D:1      | Reached XP level 2. HP: 18/21 MP: 2/2
   530 | D:1      | Gained mutation: You are mostly covered in icy blue scales.
                  | (AC +3) [demonic ancestry]
   530 | D:1      | Reached XP level 3. HP: 26/26 MP: 3/3
   609 | D:1      | Found Cifiguen's General Store.
   643 | D:1      | Bought a potion of heal wounds for 50 gold pieces
   643 | D:1      | Bought a +0 war axe for 35 gold pieces
   947 | D:2      | Noticed Sigmund
  1141 | D:2      | Reached skill level 1 in Axes
  1315 | D:2      | Gained mutation: You regenerate a little health from kills.
                  | [demonic ancestry]
  1315 | D:2      | Reached XP level 4. HP: 30/33 MP: 4/4
  1333 | D:2      | Killed Sigmund
  1334 | D:2      | Gained mutation: You have a small tail. [demonic ancestry]
  1334 | D:2      | Reached XP level 5. HP: 18/39 MP: 5/5
  1702 | D:3      | Found an iron altar of Okawaru.
  1810 | D:3      | Reached XP level 6. HP: 16/46 MP: 6/6
  1990 | D:3      | Found Leuryuss's Armour Emporium.
  2289 | D:3      | Slain by an ogre

Illustrated notes

Levels and vault maps discovered:
D:1:      dpeg_arrival_pits, layout_loops_ring, serial_shops, shop_coins,
          minmay_unequal
D:2:      minmay_diamond_boxcup, layout_rooms, chequers_serial_rivers_micro_c,
          uniq_sigmund
D:3:      layout_rooms, lemuel_coloured_pillars_altar, serial_shops,
          nicolae_shop_tiny_real_fake_doors, dreamdust_princess_corridor,
          grunt_decor_arrowhead, serial_park_tiny_2, chequers_arboretum,
          minmay_increasing_density
D:4:      layout_loops_corners, uniq_robin

Skill      XL: |  1  2  3  4  5  6 |
---------------+-------------------+-----
Dodging        | 2 3 |  3.1
Unarmed Combat | 3 |  3.8
Shapeshifting  | 3 |  3.6
Axes           | 1 2 |  2.3
Fighting       | 2 3 |  3.0

Action                     |  1- 3 |  4- 6 || total
---------------------------+-------+-------++-------
  Melee: Unarmed           |    15 |       ||    15
         Hand axe          |    63 |       ||    63
         Punch             |     6 |     2 ||     8
         War axe           |    62 |    87 ||   149
         Tailslap          |       |    14 ||    14
   Fire: Hand cannon       |       |     9 ||     9
    Use: Scroll            |     2 |     1 ||     3
         Potion            |       |     2 ||     2
 Armour: Leather armour    |    63 |       ||    63
         Scale mail        |    51 |    88 ||   139
  Dodge: Dodged            |   103 |    51 ||   154

Table legend: (Time is in decaauts)
 A = Elapsed time spent in this place.
 B = Non-inter-level travel time spent in this place.
 C = Inter-level travel time spent in this place.
 D = Time resting spent in this place.
 E = Time spent auto-exploring this place.
 F = Levels seen in this place.
 G = Mean time per level.
                   A        B        C        D        E       F      G
               +--------+--------+--------+--------+--------+-----+--------+
         Total |   2377 |   2269 |    108 |      0 |   1570 |   4 |  594.2 |
       Dungeon |   2377 |   2269 |    108 |      0 |   1570 |   4 |  594.2 |
               +--------+--------+--------+--------+--------+-----+--------+

Top non-repeatable levels by time:
     D:1: 993 daAuts
     D:2: 710 daAuts
     D:3: 646 daAuts
     D:4: 27 daAuts
